AoeStats
← fat_dgk

Lombardia

509270917Analyzed
4v4 RM · 5d ago on Sep 26, 2026· 56m 58s· 8 players
Game mode
Random Map
Map size
Large (8 player)
Population
200
Speed
Normal
Resources
Standard
Victory
Conquest
Starting age
Dark Age
Ending age
Imperial Age
RankedLock teamsTeams togetherTeam positionsShared explorationLock speedFull tech treeHidden civsTurbo modeCheats
Victory
Defeat
🇨🇳 Magyars · China
1257
+14
🇹🇼 Jurchens · Taiwan
1248
+15
🇨🇦 Britons · Canada
1248
+15
🇨🇳 Burgundians · China
1232
+15
🇨🇳 Vietnamese · China
1241
-16
🇨🇦 Danes · Canada
1238
-16
🇲🇽 Franks · Mexico
1206
-14
🇨🇱 Armenians · Chile
1188
-13
职业杀猪
0:30 Loom
10:50 Feudal Age
11:48 Double-Bit Axe
21:26 Castle Age
19:58 Stone Mining
20:02 Gold Mining
22:24 Bow Saw
23:10 Horse Collar
24:52 Two-Man Saw
25:35 Heavy Plow
27:06 Crop Rotation
29:40 Stone Shaft Mining
29:50 Gold Shaft Mining
35:42 Imperial Age
34:38 Wheelbarrow
33:48 Town Watch
34:26 Scale Barding Armor
35:33 Husbandry
35:52 Cavalier
36:56 Chain Barding Armor
37:33 Paladin
38:53 Plate Barding Armor
38:29 Forging
39:20 Hand Cart
41:28 Iron Casting
41:28 Caravan
41:59 Coinage
41:43 Light Cavalry
43:10 Guilds
43:51 Banking
44:51 Blast Furnace
44:05 Town Patrol
48:07 Conscription
48:22 Hoardings
HelloAOE
10:32 Feudal Age
14:49 Castle Age
13:08 Double-Bit Axe
13:59 Horse Collar
20:11 Wheelbarrow
21:03 Bow Saw
21:19 Loom
22:40 Gold Mining
23:13 Stone Mining
29:24 Imperial Age
27:02 Fletching
27:14 Padded Archer Armor
28:28 Bodkin Arrow
29:05 Leather Archer Armor
29:49 Hand Cart
30:26 Gold Shaft Mining
30:14 Ballistics
30:29 Thumb Ring
30:50 Parthian Tactics
32:01 Chemistry
31:42 Town Watch
32:08 Recurve Bow
32:01 Elite Magyar Huszar
34:03 Husbandry
34:28 Heavy Cavalry Archer
37:35 Bracer
38:05 Ring Archer Armor
39:25 Masonry
39:18 Corvinian Army
39:39 Conscription
40:07 Siege Engineers
44:56 Scale Barding Armor
45:52 Hoardings
45:30 Caravan
47:03 Chain Barding Armor
46:44 Scale Mail Armor
54:03 Bloodlines
will_evans
1:34 Loom
11:58 Feudal Age
13:08 Double-Bit Axe
13:05 Horse Collar
18:39 Castle Age
20:32 Wheelbarrow
20:24 Bow Saw
20:18 Heavy Plow
23:04 Hand Cart
22:35 Town Watch
24:13 Fletching
24:24 Padded Archer Armor
26:14 Bodkin Arrow
29:47 Ballistics
29:44 Leather Archer Armor
30:01 Caravan
34:01 Imperial Age
32:43 Forging
33:10 Yeomen
32:53 Pikeman
33:33 Squires
33:19 Arson
34:00 Scale Mail Armor
34:36 Iron Casting
34:58 Bracer
36:00 Chemistry
35:08 Elite Longbowman
36:32 Hoardings
37:16 Conscription
37:55 Ring Archer Armor
38:26 Blast Furnace
37:43 Chain Mail Armor
37:03 Halberdier
42:47 Plate Mail Armor
51:09 Murder Holes
51:25 Masonry
56:07 Man-at-Arms
56:34 Gambesons
56:46 Long Swordsman
gx5v163237
6:18 Loom
9:05 Feudal Age
10:36 Double-Bit Axe
13:47 Forging
14:30 Horse Collar
22:03 Castle Age
21:07 Bloodlines
20:58 Gold Mining
23:40 Iron Casting
23:36 Bow Saw
23:29 Heavy Plow
24:45 Wheelbarrow
25:19 Scale Barding Armor
25:33 Husbandry
28:35 Stone Mining
34:49 Imperial Age
33:35 Hand Cart
34:13 Chain Barding Armor
34:42 Gold Shaft Mining
34:48 Stone Shaft Mining
36:37 Blast Furnace
36:45 Masonry
37:57 Plate Barding Armor
37:19 Town Watch
38:17 Crop Rotation
38:18 Elite Steppe Lancer
39:24 Conscription
38:25 Elite Iron Pagoda
39:40 Fortified Bastions
40:17 Hoardings
41:40 Architecture
41:22 Fortified Wall
44:32 Fletching
47:01 Bodkin Arrow
49:13 Caravan
50:15 Bracer
53:33 Capped Ram
LavarBall
1:15 Loom
13:01 Feudal Age
13:50 Horse Collar
19:51 Castle Age
19:12 Double-Bit Axe
20:29 Wheelbarrow
21:14 Heavy Plow
21:47 Bow Saw
25:38 Hand Cart
31:51 Scale Mail Armor
36:48 Imperial Age
37:13 Imperial Age
35:05 Forging
35:12 Chain Mail Armor
35:21 Ballistics
35:00 Gold Mining
35:31 Squires
37:10 Iron Casting
37:53 Fletching
38:04 Padded Archer Armor
39:06 Chemistry
37:43 Elite Skirmisher
38:35 Bodkin Arrow
38:45 Imperial Skirmisher
39:43 Leather Archer Armor
40:14 Bracer
42:28 Plate Mail Armor
43:40 Blast Furnace
42:59 Elite Varangian Guard
44:26 Ring Archer Armor
locoacosta
9:53 Feudal Age
10:36 Double-Bit Axe
17:40 Castle Age
16:45 Gold Mining
17:04 Stone Mining
19:13 Bow Saw
19:36 Loom
24:05 Wheelbarrow
28:45 Imperial Age
27:42 Hand Cart
27:43 Husbandry
28:10 Fortified Wall
28:47 Cavalier
29:56 Fletching
32:07 Scale Barding Armor
32:57 Forging
34:38 Gold Shaft Mining
35:08 Chain Barding Armor
35:59 Light Cavalry
37:34 Pikeman
38:15 Squires
38:11 Paladin
42:02 Iron Casting
42:03 Plate Barding Armor
42:21 Chivalry
42:34 Halberdier
43:00 Arson
43:38 Scale Mail Armor
44:38 Blast Furnace
44:22 Man-at-Arms
44:47 Gambesons
46:59 Conscription
48:06 Chain Mail Armor
54:57 Hoardings
fat_dgk
7:25 Loom
9:54 Feudal Age
10:56 Double-Bit Axe
13:35 Horse Collar
21:48 Castle Age
19:54 Gold Mining
20:43 Fletching
21:30 Stone Mining
23:09 Bow Saw
23:52 Heavy Plow
28:15 Wheelbarrow
32:15 Sanctity
34:57 Imperial Age
32:45 Hand Cart
32:40 Bodkin Arrow
32:46 Padded Archer Armor
33:29 Ballistics
34:40 Leather Archer Armor
34:33 Treadmill Crane
35:07 Elite Skirmisher
36:14 Conscription
35:59 Bracer
36:30 Ring Archer Armor
37:10 Chemistry
36:15 Imperial Skirmisher
38:10 Masonry
39:21 Herbal Medicine
39:42 Block Printing
42:22 Bloodlines
42:12 Husbandry
41:34 Light Cavalry
41:44 Elite Composite Bowman
42:36 Caravan
46:01 Scale Barding Armor
46:06 Forging
48:35 Pikeman
49:16 Squires
49:01 Gambesons
49:03 Arson
50:24 Capped Ram
53:38 Siege Ram
54:56 Murder Holes
2110316511
12:33 Feudal Age
12:33 Loom
18:42 Castle Age
16:32 Double-Bit Axe
16:30 Horse Collar
27:55 Wheelbarrow
30:13 Gold Mining
30:14 Stone Mining
31:15 Hand Cart
34:49 Imperial Age
32:24 Heavy Plow
32:41 Bow Saw
33:00 Scale Barding Armor
33:05 Forging
33:30 Bloodlines
33:21 Husbandry
33:25 Chatras
33:50 Masonry
33:36 Town Watch
34:54 Elite Battle Elephant
35:38 Scale Mail Armor
36:00 Chain Barding Armor
36:16 Iron Casting
36:00 Town Patrol
37:51 Paper Money
38:54 Guilds
38:56 Pikeman
39:37 Squires
39:23 Arson
41:03 Plate Barding Armor
40:59 Light Cavalry
41:14 Elite Rattan Archer
42:30 Hoardings
42:18 Ballistics
43:03 Chemistry
42:20 Caravan
42:22 Halberdier
43:11 Thumb Ring
43:10 Padded Archer Armor
43:02 Fletching
44:51 Capped Ram
45:47 Bodkin Arrow
46:07 Leather Archer Armor
45:53 Scale Mail Armor
45:59 Scale Mail Armor
46:42 Treadmill Crane
47:10 Bracer
47:27 Chain Mail Armor
54:16 Crop Rotation
54:48 Two-Man Saw
Connection lost

Rejoining the realm…

Still unreachable

The connection could not be restored.

Session expired

The server has moved on; the page needs a fresh start.